 Dungeon Crawl Stone Soup version 0.20.1-1-g8b1a95d66d (webtiles) character file.

57 Rrauwl the Cudgeler (level 4, 0/45 HPs)
             Began as an Ogre Warper on Jan 1, 2018.
             Slain by an adder (2 damage)
             ... on level 2 of the Dungeon.
             The game lasted 00:03:18 (1258 turns).

Rrauwl the Cudgeler (Ogre Warper)                   Turns: 1258, Time: 00:03:18

Health: 0/45       AC:  3    Str: 15    XL:     4   Next: 0%
Magic:  7/7        EV: 10    Int: 14    God:
Gold:   34         SH:  0    Dex:  9    Spells: 7/7 levels left

rFire    . . .     SeeInvis .   a - +0 mace
rCold    . . .     Gourm    .   (no shield)
rNeg     . . .     Faith    .   b - +0 robe
rPois    .         Spirit   .   (helmet restricted)
rElec    .         Reflect  .   (no cloak)
rCorr    .         Harm     .   (gloves unavailable)
MR       .....                  (boots unavailable)
Stlth    +.........             (no amulet)
Regen    0.2/turn               (no ring)
MPRegen  0.1/turn               (no ring)

@: lethally poisoned (0 -> -7), hasted, very quick
A: unfitting armour, tough skin 1
a: no special abilities


You were on level 2 of the Dungeon.
You were not hungry.

You visited 1 branch of the dungeon, and saw 2 of its levels.

You collected 34 gold pieces.

Inventory:

Hand Weapons
 a - a +0 mace (weapon)
Missiles
 e - 5 tomahawks of dispersal (quivered)
Armour
 b - a +0 robe (worn)
Scrolls
 d - a scroll of blinking
 g - 4 scrolls of teleportation {unknown}
 j - a scroll of immolation {unknown}
 k - 3 scrolls of identify {unknown}
Potions
 i - a potion of haste
Books
 c - a book of Spatial Translocations

   Spells                             Type                      Level
   a - Blink                          Translocation                2
   b - Shroud of Golubria             Charms/Translocation         2
   c - Lesser Beckoning               Translocation                3
   d - Gell's Gravitas                Translocation                3
   e - Teleport Other                 Translocation                3
   f - Passage of Golubria            Translocation                4
Comestibles
 f - 2 bread rations
 h - 6 chunks of flesh


   Skills:
 - Level 3.0 Fighting
 + Level 3.6 Maces & Flails
 - Level 1.0 Throwing
 - Level 2.1 Dodging
 - Level 2.4 Spellcasting
   Level 2.6 Translocations


You had 7 spell levels left.
You didn't know any spells.

Dungeon Overview and Level Annotations

Branches:
Dungeon (2/15)

Altars:


Innate Abilities, Weirdness & Mutations

You are too large for most types of armour.
You have tough skin. (AC +1)


Message History

* * * LOW HITPOINT WARNING * * *
You feel sick. The adder barely misses you.
You barely miss the adder.
* * * LOW HITPOINT WARNING * * *
You feel sick.
The adder bites you but does no damage. x2
It was a potion of haste.
You feel yourself speed up.
* * * LOW HITPOINT WARNING * * *
You feel sick. The adder closely misses you.
You miss the adder. The adder misses you.
You miss the adder.
* * * LOW HITPOINT WARNING * * *
You feel sick. The adder closely misses you.
You hit the adder.
The adder is lightly wounded.
* * * LOW HITPOINT WARNING * * *
You feel sick. The adder closely misses you.
You barely miss the adder.
The adder is lightly wounded.
The adder bites you.
You die...

# #....)..# #.# .# ##
##.......#######.#### .# ..
........##..>......# . # .#
.......##.####.##.# .#.#
......# #.##.# #..#
.K...##.# #.##.#### #..#
#.......# #.##....# ##)#
#.##########.#####.#
##.###### #KS@<........#
#.#
........###################
#.# ....................#
#.# ..###...###########.#
########.# ..#####.# #.#
#......... ...# #.# #.#
#.######.. ...# #.#
#.####.######.. ...# #[#
#.............. #..# #.#
######.####..#.


You could see an adder and a kobold.

Vanquished Creatures
  A gnoll (D:1)
  2 adders (D:2)
  An ooze (D:2)
  A dart slug (D:1)
  A leopard gecko (D:2)
  2 bats
  2 hobgoblins (D:1)
  6 goblins
  A kobold (D:2)
  8 rats
25 creatures vanquished.

Notes
Turn   | Place    | Note
-------+----------+-------------------------------------------
     0 | D:1      | Rrauwl the Ogre Warper began the quest for the Orb.
     0 | D:1      | Reached XP level 1. HP: 22/22 MP: 3/3
   189 | D:1      | Reached XP level 2. HP: 27/31 MP: 5/5
   387 | D:1      | Reached XP level 3. HP: 37/37 MP: 6/6
  1191 | D:2      | Reached XP level 4. HP: 26/45 MP: 7/7
  1257 | D:2      | HP: 2/45 [poisoned by an adder]
  1258 | D:2      | Slain by an adder

Skill      XL: |  1  2  3 |
---------------+----------+-----
Fighting       | 3 |  3.0
Maces & Flails | 2 3 |  3.6
Throwing       | |  1.0
Dodging        | |  2.1
Spellcasting   | |  2.4
Translocations | |  2.6

Action                   |  1- 3 |  4- 6 || total
-------------------------+-------+-------++-------
Melee: Mace              |    78 |    17 ||    95
  Use: Potion            |       |     1 ||     1
  Eat: Chunk             |     1 |       ||     1
Armor: Robe              |    18 |     4 ||    22
Dodge: Dodged            |    41 |    15 ||    56
